 Dungeon Crawl Stone Soup version 0.25.0-46-gbd7b0854d2 (webtiles) character file.

Game seed: 16726524539627437618

19174 nikku the Cleaver (level 12, -9/117 HPs)
             Began as a Minotaur Berserker on July 18, 2020.
             Was a High Priest of Trog.
             Mangled by a polar bear (14 damage)
             ... on level 2 of the Lair of Beasts.
             The game lasted 00:31:50 (10842 turns).

nikku the Cleaver (Minotaur Berserker)             Turns: 10842, Time: 00:31:50

Health: -9/117     AC: 21    Str: 25    XL:     12   Next: 34%
Magic:  11/11      EV: 12    Int:  5    God:    Trog [*****.]
Gold:   788        SH:  0    Dex: 11    Spells: 11/11 levels left

rFire    . . .     SeeInvis .   k - +2 hand axe (freeze)
rCold    . . .     Gourm    .   (no shield)
rNeg     . . .     Faith    .   w - +0 plate armour
rPois    +         Spirit   .   (helmet restricted)
rElec    .         Reflect  .   (no cloak)
rCorr    .         Harm     .   p - +1 pair of gloves
MR       .....                  a - +1 pair of boots {run}
Stlth    ..........             E - amulet of regeneration
HPRegen  0.69/turn              i - +4 ring of evasion
MPRegen  0.12/turn              n - ring of poison resistance

@: quick
A: retaliatory headbutt, horns 2
a: Berserk, Trog's Hand, Brothers in Arms, Renounce Religion


You were on level 2 of the Lair of Beasts.
You worshipped Trog.
Trog was extremely pleased with you.
You were not hungry.

You visited 2 branches of the dungeon, and saw 13 of its levels.

You collected 788 gold pieces.

Inventory:

Hand Weapons
 k - a +2 hand axe of freezing (weapon)
 s - a +1 war axe
Missiles
 d - 18 boomerangs
 f - 10 javelins (quivered)
 j - 16 poisoned darts
 D - 7 atropa-tipped darts
Armour
 a - a +1 pair of boots of running (worn)
 p - a +1 pair of gloves (worn)
 w - a +0 plate armour (worn)
Jewellery
 i - a +4 ring of evasion (left hand)
 n - a ring of poison resistance (right hand)
 v - an uncursed ring of resist corrosion
 E - an amulet of regeneration (around neck)
Wands
 b - a wand of flame (39)
 o - a wand of paralysis (16)
 t - a wand of digging (6)
 y - a wand of acid (9)
 C - a wand of iceblast (21)
Scrolls
 g - 10 scrolls of remove curse
 h - 4 scrolls of magic mapping
 l - 4 scrolls of identify
 u - 4 scrolls of fog
 x - 4 scrolls of teleportation
 z - 2 scrolls of enchant armour
Potions
 e - 6 potions of curing
 m - 2 potions of might
 q - 4 potions of ambrosia
 r - 2 potions of flight
 B - a potion of haste
 F - a potion of resistance
 G - a potion of heal wounds
 H - a potion of lignification
Comestibles
 c - 23 rations


   Skills:
 + Level 14.0 Fighting
 + Level 14.1 Axes
 + Level 13.8 Armour
 - Level 2.1 Dodging


You had 11 spell levels left.
You didn't know any spells.
Your spell library was empty.

Dungeon Overview and Level Annotations

Branches:
Dungeon (11/15)            Temple (0/1) D:7            Lair (2/6) D:9
  Snake (0/4) Lair:2          Orc (0/2) D:10
  Swamp: Lair:2-4    Shoals: Lair:2-4

Altars:
Ashenzari
Dithmenos
Elyvilon
Hepliaklqana
Sif Muna

Shops:
D:4 [   D:7 ?


Innate Abilities, Weirdness & Mutations

You reflexively headbutt those who attack you in melee.
You have a pair of horns on your head.


Message History

You hit the polar bear but do no damage.
The polar bear is almost dead.
You hit the plant. You freeze the plant. You closely miss the polar bear.
The polar bear bites you!!
* * * LOW HITPOINT WARNING * * *
The polar bear barely misses you. The polar bear misses you.
The polar bear bites you!
* * * LOW HITPOINT WARNING * * *
The polar bear claws you but does no damage. x2
You hit the polar bear. You freeze the polar bear.
The polar bear is almost dead.
You hit the plant but do no damage.
You hit the polar bear but do no damage.
The polar bear bites you but does no damage.
The polar bear claws you but does no damage.
The polar bear barely misses you. The polar bear bites you!
* * * LOW HITPOINT WARNING * * *
The polar bear barely misses you. x2
The polar bear bites you!
You die...

#.#............###...# ###..
###..#..###.########## #....
#..####........†..#########....
###...##P......##†...##...##.....
.#....#...##P...#....#....#.....>
......##.######.###..##..#.......
....P.##.##...P...#.......P.#....
.P....#†.##!...h#.#####.....#....
..........####(#@.....#...P####..
......##.....###....####...#.....
.......#.....#....###............
##.....#######.######.#.........=
##......................###......
................#.....### ##.....
.....................### ###.....
.##.........#........#.###.#.....
#.#.............#....##.#........


You could see a polar bear (berserk).

Vanquished Creatures
  The ghost of funkygono the Blocker, a journeyman MiFi of Makhleb (Lair:1)
  A two-headed ogre (D:11)
  Nergalle (D:11)
  An unseen horror (D:9)
  Pikel (D:6)
  A manticore (D:11)
  3 black mambas
  Joseph (D:9)
  Maggie (D:8)
  A gargoyle (D:11)
  A spiny frog (Lair:2)
  A komodo dragon (Lair:1)
  2 polar bears (Lair:2)
  5 trolls
  Grinder (D:5)
  Prince Ribbit (D:6)
  5 hippogriffs
  10 blink frogs (Lair:1)
  Eustachio (D:5)
  2 wyverns
  5 yaks (Lair:2)
  A basilisk (Lair:1)
  A hungry ghost (D:10)
  Grum (D:8)
  Edmund (D:6)
  A warg (D:10)
  3 nagas (Lair:2)
  Duvessa (D:7)
  A porcupine (Lair:1)
  2 water moccasins
  3 ice beasts
  7 black bears
  2 orc warriors
  2 slaves (D:6)
  3 phantoms
  3 sky beasts
  4 ogres
  A necrophage (D:10)
  8 wolves
  5 centaurs
  2 big kobolds
  7 bullfrogs
  A wyvern zombie (D:10)
  Dowan (D:7)
  A scorpion (D:6)
  3 electric eels (D:9)
  6 howler monkeys
  A centaur zombie (D:4)
  5 crimson imps
  10 hounds
  A centaur skeleton (D:4)
  3 jellies
  6 orc priests
  A bullfrog skeleton (D:8)
  2 bullfrog zombies
  An iguana (D:11)
  Ijyb (D:4)
  12 orc wizards
  11 worker ants
  A killer bee zombie (D:10)
  A hound zombie (D:5)
  2 howler monkey zombies
  3 worker ant zombies (D:4)
  3 howler monkey skeletons
  11 gnolls
  12 adders
  6 shadow imps
  An ooze (D:3)
  4 adder skeletons
  An adder zombie (D:4)
  8 worms
  A dart slug (D:2)
  5 leopard geckos
  53 orcs
  2 ball pythons (D:3)
  7 giant cockroaches
  7 goblins
  8 hobgoblins
  12 jackals
  A quokka (D:3)
  12 bats
  8 frilled lizards
  2 giant cockroach zombies (D:4)
  A jackal skeleton (D:4)
  A jackal zombie (D:4)
  8 kobolds
  A leopard gecko skeleton (D:4)
  3 leopard gecko zombies
  A quokka skeleton (D:6)
  A quokka zombie (D:4)
  7 rats
  A fungus (Lair:1)
366 creatures vanquished.

Vanquished Creatures (others)
  2 slaves (D:6)
  2 adders (D:6)
4 creatures vanquished.

Grand Total: 370 creatures vanquished

Notes
Turn   | Place    | Note
-------+----------+-------------------------------------------
     0 | D:1      | nikku the Minotaur Berserker began the quest for the Orb.
     0 | D:1      | Reached XP level 1. HP: 19/19 MP: 0/0
    97 | D:1      | Reached XP level 2. HP: 27/27 MP: 1/1
   545 | D:2      | Reached ** piety under Trog
   662 | D:2      | Reached XP level 3. HP: 33/33 MP: 2/2
   724 | D:2      | Found a white marble altar of Elyvilon.
   989 | D:2      | Reached XP level 4. HP: 35/41 MP: 3/3
  1318 | D:2      | Found a shimmering blue altar of Sif Muna.
  1603 | D:3      | Reached skill level 5 in Axes
  1638 | D:3      | Reached XP level 5. HP: 47/47 MP: 4/4
  1670 | D:3      | Reached skill level 5 in Fighting
  1786 | D:3      | Reached *** piety under Trog
  1987 | D:3      | Reached XP level 6. HP: 56/56 MP: 5/5
  2232 | D:3      | Found a shattered altar of Ashenzari.
  2232 | D:3      | Found a hazy altar of Hepliaklqana.
  2232 | D:3      | Noticed a sky beast
  2239 | D:3      | Killed a sky beast
  2239 | D:3      | Reached skill level 5 in Armour
  2556 | D:4      | Noticed Ijyb
  2565 | D:4      | Reached XP level 7. HP: 56/63 MP: 6/6
  2579 | D:4      | Killed Ijyb
  2775 | D:4      | Reached **** piety under Trog
  2977 | D:4      | Found Kiavotach's Antique Armour Boutique.
  3247 | D:5      | Entered Level 5 of the Dungeon
  3271 | D:5      | Reached XP level 8. HP: 58/73 MP: 7/7
  3440 | D:5      | Noticed Grinder
  3491 | D:5      | Killed Grinder
  3759 | D:5      | Noticed Eustachio
  3780 | D:5      | Killed Eustachio
  3912 | D:6      | Noticed Pikel
  3931 | D:6      | Killed Pikel
  3931 | D:6      | Reached XP level 9. HP: 68/83 MP: 8/8
  4025 | D:6      | Noticed Edmund
  4032 | D:6      | Killed Edmund
  4067 | D:6      | Noticed Prince Ribbit
  4081 | D:6      | Killed Prince Ribbit
  4222 | D:6      | Found a shadowy altar of Dithmenos.
  4542 | D:7      | Found a staircase to the Ecumenical Temple.
  4590 | D:7      | Reached skill level 10 in Axes
  4603 | D:7      | Reached skill level 10 in Fighting
  4651 | D:7      | Noticed Duvessa
  4653 | D:7      | Noticed Dowan
  4661 | D:7      | Killed Duvessa
  4667 | D:7      | Killed Dowan
  4689 | D:7      | Reached skill level 10 in Armour
  4805 | D:7      | Found Waylaops's Magic Scroll Shop.
  5088 | D:8      | Noticed Grum
  5093 | D:8      | Reached XP level 10. HP: 94/94 MP: 9/9
  5101 | D:8      | Killed Grum
  5296 | D:8      | Noticed Maggie
  5309 | D:8      | Killed Maggie
  5594 | D:8      | Identified a +1 pair of boots of running (You found it on
                  | level 8 of the Dungeon)
  6034 | D:9      | Found a staircase to the Lair.
  6240 | D:9      | Noticed Joseph
  6255 | D:9      | Killed Joseph
  7051 | D:10     | Entered Level 10 of the Dungeon
  7051 | D:10     | Found a staircase to the Orcish Mines.
  7087 | D:9      | Reached ***** piety under Trog
  7204 | D:10     | Reached XP level 11. HP: 104/104 MP: 10/10
  7271 | D:9      | Killed an unseen horror
  8004 | D:11     | Noticed Nergalle
  8028 | D:11     | Killed Nergalle
  8393 | D:11     | Noticed a two-headed ogre
  8410 | D:11     | Killed a two-headed ogre
  8859 | Lair:1   | Entered Level 1 of the Lair of Beasts
  8859 | Lair:1   | Found a runed translucent gate.
  8859 | Lair:1   | Found a runed translucent gate.
  8859 | Lair:1   | Found a runed translucent gate.
  8947 | Lair:1   | Noticed funkygono's ghost (journeyman MiFi)
  8970 | Lair:1   | Killed funkygono's ghost
  9408 | Lair:1   | Reached XP level 12. HP: 98/115 MP: 5/11
 10548 | Lair:2   | Found a staircase to the Snake Pit.
 10841 | Lair:2   | HP: 4/117 [polar bear (11)]
 10842 | Lair:2   | Mangled by a polar bear

Illustrated notes

Levels and vault maps discovered:
D:1:      dpeg_arrival_pits, layout_rooms
D:2:      layout_loops_ring, led_sif_pool, old_standard_altar
D:3:      layout_rooms, gammafunk_temple_overflow_pools, minmay_pentangle
D:4:      wander_river, layout_basic, serial_shops,
          nicolae_shop_overgrown_old_shop, serial_undead, serial_undead_c,
          serial_undead_c, serial_undead_f, serial_undead_f, serial_undead_d,
          serial_undead_d, serial_undead_a, serial_undead_b, patterned_corridor,
          uniq_ijyb
D:5:      layout_rooms, first_ration, uniq_eustachio, uniq_grinder
D:6:      layout_rooms, grunt_dithmenos_shadows, uniq_pikel,
          uniq_prince_ribbit1, uniq_edmund
D:7:      layout_rooms, minmay_temple_entry_junction, serial_shops,
          kennysheep_little_box, uniq_duvessa
D:8:      layout_gridville, uniq_maggie, uniq_grum
D:9:      layout_loops_cross, erik_lair_island, serial_glass, glass_columns_a,
          glass_columns_a, water_maze_lemuel, uniq_joseph
D:10:     layout_cave_pools, david_orc_3, kennysheep_generic_room_11
D:11:     layout_roguey, blue_anna_alchemist [blue_anna_fruit_fields,
          blue_anna_fruit_fields], minmay_fractal_squares_gapless_5,
          uniq_nergalle
Lair:1:   layout_gridlike, ebering_ghost_rock_garden
Lair:2:   beast_lair_carwin_large_3, layout_cave_pods,
          minmay_snake_entry_guardpost_small

Skill      XL: |  1  2  3  4  5  6  7  8  9 10 11 12 |
---------------+-------------------------------------+-----
Fighting       | 4 5 6 7 9 10 12 13 14 | 14.0
Axes           | 4 5 6 7 9 10 12 13 14 | 14.1
Armour         | 3 4 5 6 8 10 11 13 | 13.8
Dodging        | |  2.1

Action                   |  1- 3 |  4- 6 |  7- 9 | 10-12 || total
-------------------------+-------+-------+-------+-------++-------
Melee: Hand axe          |    67 |   132 |   196 |   629 ||  1024
       Headbutt          |     9 |    29 |    59 |   136 ||   233
       War axe           |       |       |   171 |       ||   171
Throw: Boomerang         |    10 |       |     2 |       ||    12
Invok: Berserk           |       |     2 |     3 |     4 ||     9
       Trog's Hand       |       |     2 |     8 |    13 ||    23
  Use: Scroll            |     5 |     7 |     7 |     7 ||    26
 Stab: Distracted        |       |       |       |     1 ||     1
  Eat: Chunk             |       |     8 |    15 |    21 ||    44
       Ration            |       |       |       |     2 ||     2
Armor: Animal skin       |     6 |       |       |       ||     6
       Chain mail        |    23 |    56 |   162 |       ||   241
       Plate armour      |       |       |    11 |   406 ||   417
Dodge: Dodged            |    48 |    52 |   180 |   303 ||   583
